 Dungeon Crawl Stone Soup version 0.17.0-18-gaab0e96 (webtiles) character file.

900 4thArraOfDagon the Chopper (level 8, 2/51 HPs)
             Began as a Gargoyle Fighter on Nov 11, 2015.
             Was a Follower of Ashenzari.
             Quit the game on level 9 of the Dungeon.
             The game lasted 00:09:22 (1432 turns).

4thArraOfDagon the Chopper (Gargoyle Fighter)       Turns: 1432, Time: 00:09:22

Health: 2/51       AC: 13    Str: 20    XL:     8   Next: 7%
Magic:  18/18      EV:  7    Int: 10    God:    Ashenzari [*.....]
Gold:   158        SH:  9    Dex: 10    Spells: 0 memorised, 7 levels left

rFire  . . .     SeeInvis .     a - +0 war axe
rCold  . . .     Clarity  .     b - +0 scale mail
rNeg   + . .     SustAt   .     c - +0 shield
rPois  ∞         Gourm    .     i - +0 helmet
rElec  +         Spirit   .     (no cloak)
rCorr  .         Warding  .     (no gloves)
rMut   .         Stasis   .     (no boots)
MR     .....                    m - amulet of regeneration (curse)
Stlth  ..........               (no ring)
                                f - ring of magical power

@: not resistant to hostile enchantments, extremely unstealthy
A: negative energy resistance 1, electricity resistance, unbreathing,
petrification resistance, rot immunity, AC +5
a: Scrying, Renounce Religion


You were on level 9 of the Dungeon.
You worshipped Ashenzari.
Ashenzari was aware of your devotion.
You were not hungry.

You visited 2 branches of the dungeon, and saw 10 of its levels.

You collected 158 gold pieces.

Inventory:

Hand Weapons
 a - a +0 war axe (weapon)
Armour
 b - a +0 scale mail (worn)
 c - a +0 shield (worn)
 i - a +0 helmet (worn)
Jewellery
 f - a ring of magical power (left hand)
 m - a cursed amulet of regeneration (around neck)
 p - an uncursed amulet of rage
Wands
 o - a wand of confusion (38)
Scrolls
 g - a scroll of identify
 j - a scroll of curse armour
 k - a scroll of noise
 n - a scroll of curse weapon
Books
 q - a book of Enchantments

   Spells                             Type                      Level
   a - Cause Fear                     Hexes                        4
   b - Silence                        Hexes/Air                    5
   c - Deflect Missiles               Charms/Air                   6
   d - Haste                          Charms                       6
   e - Discord                        Hexes                        8
Comestibles
 e - 2 bread rations
 h - 3 meat rations


   Skills:
 + Level 5.7 Fighting
 * Level 5.8 Axes
 + Level 5.6 Armour
 - Level 3.2 Shields
 + Level 1.9 Evocations


You had 7 spell levels left.
You didn't know any spells.

Dungeon Overview and Level Annotations

Branches:
Dungeon (9/15)             Temple (1/1) D:5
   Lair: D:8-11         Orc: D:9-12

Altars:
Ashenzari
Dithmenos
Elyvilon
Fedhas
Kikubaaqudgha
Makhleb
Nemelex Xobeh
Okawaru
Qazlal
Ru
Sif Muna
Trog
Vehumet
Xom
Yredelemnul
Zin
The Shining One

Annotations:
D:4 Grinder; Scarn's ghost, novice OpBe
D:6 4thArraOfDagon's ghost, amateur VSMo
D:9 JudasIscariot's ghost, novice TrMo


Innate Abilities, Weirdness & Mutations

You are resistant to torment.
Your stone body is resilient (AC +5).
You are immune to poison.
You resist negative energy.
You are resistant to electric shocks.
You can survive without breathing.
You are immune to petrification.
You are immune to rotting.


Message History

The killer bee stings you.
The killer bee stings you but does no damage.
The killer bee barely misses you.
You block JudasIscariot's ghost's attack.
The killer bee stings you. The hound skeleton bites you.
The killer bee stings you.
* * * LOW HITPOINT WARNING * * *
The killer bee barely misses you. The killer bee stings you.
* * * LOW HITPOINT WARNING * * *
JudasIscariot's ghost hits you!
* * * LOW HITPOINT WARNING * * *
You block the hound skeleton's attack.
Unknown command.
Unknown command.
You aren't carrying any potions.
Unknown command.
Unknown command.
Read which item? (? for menu, Esc to quit)
Okay, then.
Are you sure you want to abandon this character and quit the game? (Confirm with "yes".)

........#
#.....#
...[....#
####..#
........#
#..#
........#
#..#
...>...
#..# #..#
#..# #WZ#
.#######y@#
........yy#
..........#
###########


You could see 3 killer bees, JudasIscariot's ghost and a hound skeleton.

Vanquished Creatures
  A wasp (D:5)
  A sky beast (D:6)
  2 ogres (D:5)
  3 killer bees
  An orc priest (D:7)
  A crimson imp (D:7)
  2 giant frog zombies
  An orc wizard (D:7)
  3 worker ants
  3 hounds
  An iguana (D:7)
  Robin (D:3)
  2 adders
  An adder zombie (D:5)
  2 worms (D:2)
  2 orcs
  A giant cockroach (D:5)
  8 hobgoblins
  A quokka (D:7)
  A bat (D:3)
  A giant gecko zombie (D:7)
  A giant newt (D:5)
  10 goblins
  2 kobolds (D:3)
  A rat (D:3)
53 creatures vanquished.

Notes
Turn   | Place    | Note
--------------------------------------------------------------
     0 | D:1      | 4thArraOfDagon the Gargoyle Fighter began the quest for the Orb.
     0 | D:1      | Reached XP level 1. HP: 14/14 MP: 1/1
    58 | D:2      | Reached XP level 2. HP: 8/19 MP: 2/2
   126 | D:3      | Noticed Robin
   156 | D:3      | Killed Robin
   156 | D:3      | Reached XP level 3. HP: 14/24 MP: 3/3
   239 | D:3      | Found a stormy altar of Qazlal.
   319 | D:4      | Reached skill level 4 in Fighting
   319 | D:4      | Reached XP level 4. HP: 26/29 MP: 4/4
   339 | D:4      | Noticed Scarn's ghost (novice OpBe)
   340 | D:4      | Noticed Grinder
   351 | D:5      | Entered Level 5 of the Dungeon
   394 | D:5      | Reached XP level 5. HP: 33/33 MP: 5/5
   465 | D:5      | Found a staircase to the Ecumenical Temple.
   473 | Temple   | Entered the Ecumenical Temple
   495 | Temple   | no mak
   500 | Temple   | oh well
   505 | Temple   | Became a worshipper of Ashenzari the Shackled
   551 | D:5      | Noticed an ogre
   636 | D:5      | Noticed an ogre
   660 | D:5      | Noticed a wasp
   691 | D:5      | Killed a wasp
   691 | D:5      | Reached XP level 6. HP: 11/39 MP: 6/6
   694 | D:5      | Killed an ogre
   697 | D:5      | Killed an ogre
   697 | D:5      | Reached skill level 5 in Fighting
   776 | D:5      | Reached XP level 7. HP: 44/44 MP: 7/7
   799 | D:4      | Reached skill level 5 in Armour
   992 | D:6      | Reached skill level 5 in Axes
  1111 | D:6      | Reached skill level 1 in Evocations
  1135 | D:6      | Noticed 4thArraOfDagon's ghost (amateur VSMo)
  1173 | D:7      | Found a sacrificial altar of Ru.
  1260 | D:7      | Found a radiant altar of Vehumet.
  1334 | D:7      | Reached XP level 8. HP: 34/51 MP: 9/9
  1353 | D:9      | Reached * piety under Ashenzari
  1353 | D:9      | Noticed JudasIscariot's ghost (novice TrMo)
  1354 | D:9      | uhh
  1412 | D:9      | Found a bloodstained altar of Trog.
  1412 | D:9      | Found a glowing silver altar of Zin.
  1413 | D:9      | Found a burning altar of Makhleb.
  1431 | D:9      | HP: 2/51 [JudasIscariot's ghost (11)]
  1432 | D:9      | Quit the game

Action                   |  1- 3 |  4- 6 |  7- 9 || total
-------------------------+-------+-------+-------++-------
Melee: War axe           |    85 |    56 |   113 ||   254
  Use: Scroll            |       |     7 |     3 ||    10
       Potion            |       |     1 |       ||     1
 Stab: Invisible         |       |       |     1 ||     1
       Paralysed         |       |       |     1 ||     1
  Eat: Chunk             |       |     1 |     1 ||     2
       Pizza             |       |       |     1 ||     1
